 Dungeon Crawl Stone Soup version 0.28.0-43-g3370ac3207 (webtiles) character file.

Game seed: 8675272412926253018

91 sanboga the Shield-Bearer (level 4, -1/29 HPs)
             Began as a Gargoyle Fighter on Mar 2, 2022.
             Slain by Grinder (3 damage)
             ... on level 2 of the Dungeon.
             The game lasted 00:03:27 (2728 turns).

sanboga the Shield-Bearer (Gargoyle Fighter)        Turns: 2728, Time: 00:03:27

Health: -1/29      AC: 13    Str: 26 (28) XL:     4   Next: 59%
Magic:  4/4        EV:  9    Int:  8      God:
Gold:   6          SH:  6    Dex:  8 (9)  Spells: 3/3 levels left

rFire   . . .      SeeInvis .   a - +0 war axe
rCold   . . .      Faith    .   h - +2 buckler
rNeg    + . .      Spirit   .   b - +0 scale mail
rPois   ∞          Reflect  .   (no helmet)
rElec   +          Harm     .   e - +0 cloak
rCorr   .          Rampage  .   g - +1 pair of gloves {Stlth+}
Will    .....                   (no boots)
Stlth   +.........              (no amulet)
HPRegen 0.09/turn               j - +6 ring of strength
MPRegen 0.09/turn               (no ring)

@: no status effects
A: sickness immunity, AC +3, negative energy resistance 1, electricity
resistance, torment resistance 1, petrification resistance
a: no special abilities


You were on level 2 of the Dungeon.
You visited 1 branch of the dungeon, and saw 3 of its levels.

You collected 72 gold pieces.
You spent 66 gold pieces at shops.

Inventory:

Hand Weapons
 a - a +0 war axe (weapon)
Armour
 b - a +0 scale mail (worn)
 e - a +0 cloak (worn)
 g - a +1 pair of gloves of stealth (worn)
 h - a +2 buckler (worn)
Jewellery
 j - a +6 ring of strength (left hand)
Scrolls
 c - a scroll of magic mapping {unknown}
 i - a scroll of teleportation {unknown}
 k - a scroll of enchant weapon {unknown}
 l - 2 scrolls of identify {unknown}
Potions
 d - a potion of might


   Skills:
 + Level 3.8 Fighting
 * Level 3.0 Axes
 + Level 3.8 Armour
 + Level 3.9 Shields


You had 3 spell levels left.
You didn't know any spells.
Your spell library contained the following spells:

 Spells                   Type           Power      Damage    Failure   Level
 Alistair's Intoxication  Tmut/Pois      0%         N/A       100%        5
 Borgnjor's Vile Clutch   Necr/Erth      0%         N/A       100%        5
 Eringya's Noxious Bog    Tmut/Pois      0%         N/A       100%        6


Dungeon Overview and Level Annotations

Branches:
Dungeon (3/15)

Altars:
Kikubaaqudgha

Shops:
D:2 *

Annotations:
D:2 Grinder


Innate Abilities, Weirdness & Mutations

You are immune to sickness and miasma.
Your stone body is resilient. (AC +3)
You are immune to poison.
You resist negative energy. (rN+)
You are resistant to electric shocks. (rElec)
You are resistant to unholy torment.
You are immune to petrification.


Message History

Grinder barely misses you.
The goblin shoots a stone.
The stone hits you but does no damage. The bat hits you but does no damage.
You hit Grinder.
Grinder is lightly wounded.
You hit the bat.
You kill the bat!
The goblin shoots a stone.
The stone closely misses you. Grinder hits you.
You writhe in agony.
You barely miss Grinder.
Grinder is lightly wounded.
The goblin shoots a stone.
The stone hits you but does no damage. Grinder hits you but does no damage.
Grinder completely misses you.
The goblin shoots a stone.
You block the stone.
You barely miss Grinder.
Grinder is lightly wounded.
The goblin shoots a stone.
The stone barely misses you. Grinder closely misses you.
You hit Grinder.
Grinder is moderately wounded.
The goblin shoots a stone.
The stone misses you. Grinder barely misses you.
You slash Grinder!
Grinder is heavily wounded.
The goblin shoots a stone.
The stone barely misses you. Grinder hits you!
You writhe in agony.
* * * LOW HITPOINT WARNING * * *
The goblin shoots a stone.
The stone barely misses you. Grinder gestures at you.
Pain shoots through your body!
* * * LOW HITPOINT WARNING * * *
The goblin shoots a stone.
The stone barely misses you. Grinder barely misses you.
You climb upwards.
There is a stone staircase leading down here.
You see here a potion of degeneration.
You barely miss Grinder.
Grinder is heavily wounded.
Grinder hits you.
* * * LOW HITPOINT WARNING * * *
You writhe in agony.
You die...

### ##.####
####.#.#.##
....###.#.#########
####.#.###.....)@(#
###.##
##.#####5#######
#..##
##.####.......#
#.#.##
##........####.#
#.##.###.######.##
#.# # #.###.#.##
###.# #.# # #)#
#.†## #...#
#.######### # #.#
#..# #.###
#[......... # #.#
#..######.##
####.####.#


You could see Grinder.

Vanquished Creatures
  3 gnolls
  2 adders (D:2)
  5 ball pythons
  7 endoplasms
  A giant cockroach (D:1)
  6 goblins
  5 hobgoblins
  2 quokkas (D:1)
  4 bats
  A frilled lizard (D:1)
  4 kobolds
  2 rats (D:1)
42 creatures vanquished.

Notes
Turn   | Place    | Note
-------+----------+-------------------------------------------
     0 | D:1      | sanboga the Gargoyle Fighter began the quest for the Orb.
     0 | D:1      | Reached XP level 1. HP: 14/14 MP: 1/1
   381 | D:1      | Reached XP level 2. HP: 18/19 MP: 2/2
  1228 | D:1      | Reached XP level 3. HP: 19/23 MP: 3/3
  1394 | D:2      | Found Ribec's Assorted Antiques.
  1403 | D:2      | Bought a scroll labelled HOJUNAQAPSU for 22 gold pieces
  1792 | D:2      | Found an ancient bone altar of Kikubaaqudgha.
  1926 | D:2      | Bought a scroll labelled KEOLAP QELA for 22 gold pieces
  1926 | D:2      | Bought a scroll labelled KEOLAP QELA for 22 gold pieces
  2231 | D:2      | Reached XP level 4. HP: 6/29 MP: 4/4
  2532 | D:3      | Noticed Grinder
  2713 | D:3      | Paralysed by Grinder for 6 turns
  2728 | D:2      | Slain by Grinder

Illustrated notes

Levels and vault maps discovered:
D:1:      mrwooster_arrival_statue, layout_loops_ring
D:2:      layout_loops_ring, basic_altar, serial_shops, shop
D:3:      layout_rooms, mainiacjoe_overflow_brackets,
          mainiacjoe_overflow_large_starburst, minmay_misc_feat_square,
          uniq_grinder, uniq_natasha

Skill      XL: |  1  2  3  4 |
---------------+-------------+-----
Axes           | 2 3 |  3.0
Fighting       | |  3.8
Armour         | |  3.8
Shields        | |  3.9

Action                   |  1- 3 |  4- 6 || total
-------------------------+-------+-------++-------
Melee: War axe           |   135 |    27 ||   162
  Use: Potion            |     1 |       ||     1
Armor: Scale mail        |    98 |    49 ||   147
Dodge: Dodged            |    70 |    33 ||   103
Block: Buckler           |    34 |    20 ||    54
